 Dungeon Crawl Stone Soup version 0.30.1-9-gdf580d7c3d (webtiles) character file.

Game seed: 926825016296161053

2122 Psyclone the Thaumaturge (level 9, -1/53 HPs)
             Began as a Deep Elf Conjurer on Sept 25, 2023.
             Was an Initiate of Ashenzari.
             Slain by a steam dragon (6 damage)
             ... on level 7 of the Dungeon.
             The game lasted 00:20:32 (7588 turns).

Psyclone the Thaumaturge (Deep Elf Conjurer)        Turns: 7588, Time: 00:20:33

Health: -1/53      AC:  5    Str:  4    XL:     9   Next: 8%
Magic:  17/23      EV: 15    Int: 28    God:    Ashenzari [......]
Gold:   372        SH:  0    Dex: 13    Spells: 21/24 levels left

rFire   . . .        a - +0 rapier
rCold   + . .        (no shield)
rNeg    . . .        A - +2 robe of Supernal Gnosis {rC+, Fort, Elem} (curse)
rPois   .            j - +0 helmet
rElec   .            (no cloak)
rCorr   .            (no gloves)
SInv    .            (no boots)
Will    .....        (no amulet)
Stlth   ++           (no ring)
HPRegen 0.28/turn    (no ring)
MPRegen 0.18/turn

%: no passive effects
@: no status effects
A: no striking features
a: Renounce Religion, Curse Item, Shatter the Chains


You were on level 7 of the Dungeon.
You worshipped Ashenzari.
Ashenzari was noncommittal.
You visited 2 branches of the dungeon, and saw 8 of its levels.

You collected 372 gold pieces.

Inventory:

Hand Weapons
 a - a +0 rapier (weapon)
 x - a +0 dagger of venom
Missiles
 D - a throwing net {!f}
Armour
 j - a +0 helmet (worn)
 v - the +1 robe of Iruir {rF+}
   (You found it on level 3 of the Dungeon)

   rF:        It protects you from fire.
 y - a +2 robe
 A - the cursed +2 robe of Supernal Gnosis (worn) {rC+, Fort, Elem}
   (You took it off Blork the orc on level 5 of the Dungeon)

   It has a curse which improves the following skills: Fortitude: Armour and
   Shields.
   Elements:  Fire Magic, Ice Magic, Air Magic and Earth Magic.
Wands
 r - a wand of flame (13)
 t - a wand of polymorph (8)
 E - a wand of charming (14)
 F - a wand of mindburst (16)
Scrolls
 c - 6 scrolls of identify {unknown}
 f - 3 scrolls of fog {unknown}
 g - 3 scrolls of enchant armour {unknown}
 k - 4 scrolls of blinking {unknown}
 l - 2 scrolls of enchant weapon {unknown}
 m - 2 scrolls of immolation {unknown}
 o - a scroll of brand weapon {unknown}
 p - a scroll of magic mapping {unknown}
 u - 4 scrolls of teleportation {unknown}
 z - a scroll of vulnerability {unknown}
 B - 3 scrolls of poison {unknown}
 G - a scroll of silence {unknown}
 J - 2 scrolls of noise {unknown}
Potions
 b - a potion of magic
 d - a potion of cancellation {unknown}
 e - a potion of curing {unknown}
 h - 4 potions of heal wounds {unknown}
 i - 4 potions of degeneration {unknown}
 n - 4 potions of mutation {unknown}
 q - 2 potions of brilliance {unknown}
 s - 2 potions of flight {unknown}
 w - a potion of berserk rage {unknown}
 C - a potion of ambrosia {unknown}
 H - 3 potions of attraction {unknown}
 I - a potion of resistance {unknown}


   Skills:
 + Level 4.9 Fighting
 + Level 7.7 Dodging
 - Level 2.4 Stealth
 - Level 8.0 Spellcasting
 - Level 8.0 Conjurations


You had 21 spell levels left.
You knew the following spells:

 Your Spells              Type           Power      Damage    Failure   Level
a - Magic Dart            Conj           100%       1d8       1%          1
b - Searing Ray           Conj           100%       2d8       1%          2

Your spell library contained the following spells:

 Spells                   Type           Power      Damage    Failure   Level
 Foxfire                  Conj/Fire      100%       2x1d9     1%          1
 Dazzling Flash           Conj/Hex       66%        N/A       2%          3
 Fulminant Prism          Conj/Hex       16%        3d10      10%         4
 Iskenderun's Mystic Bla  Conj/Tloc      33%        2d8       10%         4
 Volatile Blastmotes      Fire/Tloc      22%        2d11      14%         3
 Fireball                 Conj/Fire      16%        3d8       26%         5
 Summon Ice Beast         Ice/Summ       11%        N/A       43%         4
 Lee's Rapid Deconstruct  Erth           5%         3d6*      80%         5
 Summon Mana Viper        Hex/Summ       11%        N/A       80%         5
 Starburst                Conj/Fire      16%        6d6       82%         6
 Plasma Beam              Fire/Air       5%         2x1d17    100%        6
 Monstrous Menagerie      Summ           5%         N/A       100%        7


Dungeon Overview and Level Annotations

Branches:
Dungeon (7/15) Zot: 26294  Temple (1/1) D:4 Zot: 5813

Altars:
Ashenzari
Cheibriados
Dithmenos
Elyvilon
Fedhas
Gozag
Hepliaklqana
Kikubaaqudgha
Makhleb
Nemelex Xobeh
Okawaru
Qazlal
Ru
Sif Muna
Trog
Uskayaw
Vehumet
Wu Jian
Xom
Yredelemnul
Zin
The Shining One


Message History

You hit the steam dragon.
The steam dragon is lightly wounded.
The steam dragon breathes steam at you. The ball of steam hits you!!
You take 20 damage, and have 33/53 hp.
MASSIVE DAMAGE!!
The steam dragon barely misses you.
The steam dragon claws you but does no damage.
Casting: Searing Ray (safe; 1% risk of failure)
Confirm with . or Enter, or press ? or * to list all spells.
Aiming: Searing Ray (safe; 1% risk of failure)
Press: ? - help, Shift-Dir - straight line, f - steam dragon
Aim: a steam dragon (lightly wounded, 83% to hit)
The searing ray hits the steam dragon.
The steam dragon is lightly wounded. (Press . to maintain the ray.)
The steam dragon barely misses you. The steam dragon misses you.
You now have 21/23 mp.
The searing ray hits the steam dragon.
The steam dragon is moderately wounded.
The steam dragon breathes steam at you. The ball of steam hits you!!
* * * LOW HITPOINT WARNING * * *
You take 24 damage, and have 10/53 hp.
MASSIVE DAMAGE!!
You now have 20/23 mp.
The steam dragon completely misses you. The steam dragon barely misses you.
Casting: Searing Ray (safe; 1% risk of failure)
Confirm with . or Enter, or press ? or * to list all spells.
Aiming: Searing Ray (safe; 1% risk of failure)
Press: ? - help, Shift-Dir - straight line, f/p - steam dragon
Aim: a steam dragon (moderately wounded, catching its breath, 83% to hit)
The searing ray hits the steam dragon!
The steam dragon is severely wounded. (Press . to maintain the ray.)
The steam dragon bites you.
* * * LOW HITPOINT WARNING * * *
The steam dragon barely misses you.
You take 6 damage, and have 4/53 hp.
You now have 18/23 mp.
The searing ray hits the steam dragon.
The steam dragon is almost dead.
The steam dragon bites you.
You die...

..# ... ...# ...
#..## ...# #..##
## ...#
###.##..##
#.ยง..@...## #.
#...D#[...######
..
#....###.........
#.
#...####....####
#.###.###...####
#..####...###
#.##...###
#.......##
#........#


You could see a steam dragon (catching breath).

Vanquished Creatures
  Duvessa (D:5)
  A water moccasin (D:6)
  2 sky beasts (D:6)
  3 ogres
  A black bear (D:6)
  A centaur (D:7)
  A phantom (D:4)
  Blork the orc (D:5)
  A bullfrog (D:6)
  2 scorpions
  4 wights (D:7)
  Dowan (D:5)
  2 howler monkeys
  2 jellies
  5 orc priests
  A gnoll bouda (D:6)
  A hound (D:6)
  2 iguanas
  2 orc wizards
  11 adders
  6 gnolls
  3 white imps
  2 worms
  2 dart slugs
  23 orcs
  2 bats
  7 endoplasms
  7 goblins
  7 hobgoblins
  5 kobolds
  4 quokkas
  A frilled lizard (D:3)
  3 rats (D:2)
117 creatures vanquished.

Notes
Turn   | Place    | Note
-------+----------+-------------------------------------------
     0 | D:1      | Psyclone the Deep Elf Conjurer began the quest for the Orb.
     0 | D:1      | Reached XP level 1. HP: 10/10 MP: 6/6
   196 | D:1      | Found a faded altar of an unknown god.
   721 | D:2      | Reached XP level 2. HP: 15/15 MP: 5/8
  1020 | D:2      | Learned a level 2 spell: Searing Ray
  1203 | D:2      | Identified the +0 chain mail of the Desert {rPois Str+3
                  | Stlth-}
  1246 | D:2      | Identified the +8 plate armour of Gecuy {rC+ rN+}
  1360 | D:2      | Reached skill level 5 in Conjurations
  1360 | D:2      | Reached XP level 3. HP: 19/19 MP: 4/10
  2423 | D:3      | Reached XP level 4. HP: 20/24 MP: 4/12
  2705 | D:3      | Identified the +1 robe of Iruir {rF+}
  3144 | D:4      | Found an ornate altar of the Wu Jian Council.
  3144 | D:4      | Found a shimmering altar of Xom.
  3144 | D:4      | Found an iron altar of Okawaru.
  3176 | D:4      | Reached skill level 5 in Spellcasting
  3276 | D:4      | Noticed a phantom
  3282 | D:4      | Killed a phantom
  3283 | D:4      | Reached XP level 5. HP: 28/28 MP: 4/15
  3699 | D:4      | Found a staircase to the Ecumenical Temple.
  3711 | Temple   | Entered the Ecumenical Temple
  3879 | Temple   | Became a worshipper of Ashenzari the Shackled
  4015 | D:4      | Identified the +1 ring mail "Wirics" {+Blink Int+3}
  4051 | D:4      | Reached XP level 6. HP: 32/32 MP: 13/17
  4360 | D:5      | Entered Level 5 of the Dungeon
  4366 | D:5      | Noticed Dowan
  4395 | D:5      | Noticed Duvessa
  4403 | D:5      | Killed Duvessa
  4404 | D:5      | Reached XP level 7. HP: 30/36 MP: 12/20
  4440 | D:5      | Killed Dowan
  4875 | D:5      | Noticed Blork the orc
  4891 | D:5      | Killed Blork the orc
  4920 | D:5      | Reached skill level 1 in Fighting
  5560 | D:6      | Reached XP level 8. HP: 44/44 MP: 16/22
  5912 | D:6      | Reached skill level 5 in Dodging
  7360 | D:7      | Reached XP level 9. HP: 52/52 MP: 19/23
  7588 | D:7      | Slain by a steam dragon

Illustrated notes

Levels and vault maps discovered:
D:1:      tarquinn_simple_flora_water_b, layout_loops_cross,
          shapermc_ecumenical_altar_pompeii
D:2:      cheibrodos_helix_gallery, layout_basic, serial_forest,
          infiniplex_forest_clump_small, infiniplex_forest_clump_small,
          infiniplex_forest_corner_1, infiniplex_forest_clump_double,
          infiniplex_forest_straight_2, infiniplex_forest_clump_diagonal,
          infiniplex_forest_clump_cross, reono_crystal_passage
D:3:      layout_basic, guppyfry_early_orc_mine
D:4:      layout_loops_cross, gammafunk_temple_overflow_forgotten,
          minmay_temple_entry_statues_fountains
D:5:      layout_rooms, chequers_decorated_corner, uniq_blork_the_orc,
          uniq_duvessa
D:6:      layout_basic
D:7:      layout_cave_pods
Temple:   nicolae_temple_bog_church

Skill      XL: |  1  2  3  4  5  6  7  8 |
---------------+-------------------------+-----
Spellcasting   | 4 5 6 7 8 |  8.0
Conjurations   | 5 6 7 8 |  8.0
Dodging        | 4 7 |  7.7
Fighting       | 2 4 |  4.9
Stealth        | |  2.4

Action                     |  1- 3 |  4- 6 |  7- 9 || total
---------------------------+-------+-------+-------++-------
  Melee: Dagger            |    25 |    19 |       ||    44
         Punch             |     2 |       |       ||     2
         Rapier            |       |       |     3 ||     3
   Cast: Magic Dart        |    60 |    46 |    53 ||   159
         Searing Ray       |     3 |     8 |    41 ||    52
 Invoke: Curse Item        |       |       |     1 ||     1
   Stab: Sleeping          |       |     1 |     1 ||     2
 Armour: Robe              |     1 |     5 |    13 ||    19
  Dodge: Dodged            |     3 |     7 |    35 ||    45
